AoeStats
← RareCastle03050

Black Forest

508309039Analyzed
3v3 RM · 11d ago on Sep 21, 2026· 56m 30s· 6 players
Game mode
Random Map
Map size
Normal (6 player)
Population
200
Speed
Normal
Resources
Standard
Victory
Conquest
Starting age
Dark Age
Ending age
Imperial Age
RankedLock teamsTeams togetherTeam positionsShared explorationLock speedFull tech treeHidden civsTurbo modeCheats
Victory
Defeat
🇸🇪 Italians · Sweden
742
+13
🇺🇸 Hindustanis · United States
735
+13
🇷🇺 Bohemians · Russia
704
+15
🇵🇪 Romans · Peru
690
-14
🇵🇪 Inca · Peru
675
-14
🇨🇱 Ethiopians · Chile
656
-13
RareCastle03050
0:36 Loom
13:53 Feudal Age
18:40 Castle Age
16:29 Double-Bit Axe
18:09 Horse Collar
21:24 Bow Saw
27:58 Forging
41:06 Imperial Age
39:10 Padded Archer Armor
39:01 Fletching
40:59 Bodkin Arrow
41:20 Leather Archer Armor
42:26 Wheelbarrow
41:57 Shatagni
42:59 Chemistry
42:20 Ballistics
42:43 Grand Trunk Road
43:20 Hoardings
44:46 Hand Cart
49:47 Siege Engineers
Noobburner
3:45 Loom
14:56 Feudal Age
16:12 Wheelbarrow
15:54 Horse Collar
16:01 Double-Bit Axe
23:44 Castle Age
24:40 Hand Cart
24:27 Heavy Plow
25:03 Bow Saw
25:39 Bow Saw
27:51 Fervor
28:03 Sanctity
36:37 Fletching
36:47 Padded Archer Armor
36:51 Caravan
37:36 Wagenburg Tactics
39:20 Chemistry
38:41 Ballistics
38:20 Murder Holes
39:35 Fortified Wall
39:49 Ballistics
39:27 Murder Holes
42:11 Imperial Age
41:50 Bodkin Arrow
42:10 Leather Archer Armor
41:59 Treadmill Crane
44:08 Bracer
44:38 Ring Archer Armor
47:31 Bombard Tower
47:59 Conscription
47:01 Elite Hussite Wagon
48:44 Forging
rani
12:16 Feudal Age
16:51 Castle Age
22:41 Fletching
23:32 Town Watch
24:44 Ballistics
25:21 Silk Road
26:47 Caravan
27:41 Bodkin Arrow
27:48 Padded Archer Armor
29:36 Double-Bit Axe
30:12 Gold Mining
30:19 Horse Collar
32:59 Leather Archer Armor
40:07 Imperial Age
42:05 Chemistry
41:18 Fortified Wall
44:09 Pirotechnia
44:59 Thumb Ring
A†ilA
1:47 Loom
13:19 Feudal Age
15:00 Wheelbarrow
15:26 Double-Bit Axe
24:46 Castle Age
24:58 Horse Collar
30:09 Imperial Age
32:07 Conscription
39:30 Champi Runner
41:20 Bow Saw
41:11 Heavy Plow
42:47 Hand Cart
43:22 Ballistics
44:49 Chemistry
49:56 Thumb Ring
49:12 Crossbowman
50:22 Elite Skirmisher
Takhyom
4:00 Loom
10:26 Feudal Age
17:34 Castle Age
17:42 Fletching
18:00 Double-Bit Axe
19:55 Gold Mining
24:28 Wheelbarrow
24:00 Stone Mining
24:10 Horse Collar
26:20 Hand Cart
30:27 Stone Shaft Mining
30:30 Gold Shaft Mining
34:02 Imperial Age
32:51 Bow Saw
32:43 Heavy Plow
35:01 Murder Holes
35:48 Elite Shotel Warrior
38:17 Forging
38:04 Bodkin Arrow
38:09 Scale Mail Armor
40:28 Two-Man Saw
40:41 Iron Casting
40:33 Royal Heirs
41:18 Coinage
41:45 Town Watch
42:28 Chain Mail Armor
43:14 Blast Furnace
42:51 Conscription
44:22 Fervor
45:07 Capped Ram
45:27 Elite Skirmisher
46:13 Thumb Ring
47:11 Plate Mail Armor
46:43 Bracer
47:57 Padded Archer Armor
48:38 Town Patrol
49:32 Ballistics
50:13 Chemistry
49:03 Crossbowman
50:00 Leather Archer Armor
50:39 Banking
50:10 Caravan
50:30 Masonry
50:26 Siege Engineers
50:51 Arbalester
52:04 Ring Archer Armor
51:56 Guilds
52:15 Scale Barding Armor
TIMVP
0:30 Loom
12:50 Feudal Age
13:18 Double-Bit Axe
14:12 Wheelbarrow
15:12 Wheelbarrow
16:14 Gold Mining
22:03 Castle Age
20:40 Horse Collar
22:35 Stone Mining
23:27 Gold Shaft Mining
25:58 Bow Saw
28:40 Heavy Plow
32:29 Hand Cart
35:04 Imperial Age
33:13 Man-at-Arms
34:08 Long Swordsman
35:05 Husbandry
35:16 Bloodlines
39:45 Legionary
42:03 Scale Barding Armor
42:55 Light Cavalry
44:48 Elite Skirmisher
45:34 Padded Archer Armor
45:26 Fletching
Connection lost

Rejoining the realm…

Still unreachable

The connection could not be restored.

Session expired

The server has moved on; the page needs a fresh start.